 Dungeon Crawl Stone Soup version 0.30.1-9-gdf580d7c3d (webtiles) character file.

Game seed: 9478156187658726106

184 KittyFluff the Cudgeller (level 5, -2/33 HPs)
             Began as a Gargoyle Berserker on Oct 4, 2023.
             Was a Priest of Trog.
             Slain by an ogre
             ... wielding a +0 giant spiked club
              (15 damage)
             ... on level 4 of the Dungeon.
             The game lasted 00:09:54 (2178 turns).

KittyFluff the Cudgeller (Gargoyle Berserker)       Turns: 2178, Time: 00:09:54

Health: -2/33      AC:  9    Str: 20    XL:     5   Next: 63%
Magic:  5/5        EV: 12    Int:  8    God:    Trog [***...]
Gold:   201        SH:  0    Dex: 11    Spells: 4/4 levels left

rFire   . . .        a - +0 mace
rCold   . . .        (no shield)
rNeg    + . .        l - +1 robe {Will+}
rPois   ∞            (no helmet)
rElec   +            (no cloak)
rCorr   .            d - +0 pair of gloves
SInv    .            f - +0 pair of boots
Will    +....        (no amulet)
Stlth   +            (no ring)
HPRegen 0.25/turn    (no ring)
MPRegen 0.09/turn

%: no passive effects
@: no status effects
A: sickness immunity, AC +4, negative energy resistance 1, electricity
resistance, torment resistance 1, petrification resistance
a: Renounce Religion, Berserk, Trog's Hand


You were on level 4 of the Dungeon.
You worshipped Trog.
Trog was most pleased with you.
You visited 1 branch of the dungeon, and saw 4 of its levels.

You collected 201 gold pieces.

Inventory:

Hand Weapons
 a - a +0 mace (weapon)
 k - a +0 sling
Missiles
 n - 8 poisoned darts (quivered)
Armour
 d - a +0 pair of gloves (worn)
 f - a +0 pair of boots (worn)
 l - a +1 robe of willpower (worn)
 q - a +0 leather armour
Jewellery
 b - an amulet of faith
 p - a ring of ice
Scrolls
 e - a scroll of enchant armour {unknown}
 g - 2 scrolls of teleportation {unknown}
 m - a scroll of amnesia {unknown}
 o - a scroll of noise {unknown}
 r - a scroll of vulnerability {unknown}
 t - 2 scrolls of identify {unknown}
Potions
 c - a potion of cancellation {unknown}
 h - a potion of attraction {unknown}
 i - 4 potions of curing {unknown}
 j - a potion of flight {unknown}
 s - 2 potions of brilliance {unknown}
 u - a potion of degeneration {unknown}


   Skills:
 + Level 4.1 Fighting
 * Level 4.2 Maces & Flails
 * Level 3.8 Armour
 + Level 2.4 Dodging


You had 4 spell levels left.
You didn't know any spells.
Your spell library was empty.

Dungeon Overview and Level Annotations

Branches:
Dungeon (4/15)
 Temple: D:4-7

Altars:


Innate Abilities, Weirdness & Mutations

You are immune to sickness and miasma.
Your stone body is resilient. (AC +4)
You are immune to poison.
You resist negative energy. (rN+)
You are resistant to electric shocks. (rElec)
You are resistant to unholy torment.
You are immune to petrification.


Message History

You now have 201 gold pieces (gained 10).
You see here a +0 animal skin.
There is a stone staircase leading down here.
You climb downwards.
There is a stone staircase leading up here.
You see here a +0 hand axe.
There is an open door here.
Found a ruby potion.
u - a ruby potion
Found a glowing bronze wand.
An ogre comes into view. It is wielding a +0 giant spiked club.
The ogre moves out of view.
Throw: 9 darts (poison)
Press: ? - help, Q - select action, (/) - cycle Shift-Dir - straight line, f - ogre
Aim: an ogre, wielding a +0 giant spiked club (73% to hit)
You throw a poisoned dart. The poisoned dart hits the ogre.
The ogre is poisoned.
You hit the ogre.
The ogre is lightly wounded.
The ogre misses you.
You hit the ogre.
The ogre is moderately wounded.
You barely miss the ogre.
The ogre is heavily wounded.
The ogre hits you with a +0 giant spiked club!
You hit the ogre.
The ogre is severely wounded.
The ogre hits you with a +0 giant spiked club!
You barely miss the ogre.
The ogre is severely wounded.
The ogre looks more healthy.
The ogre barely misses you.
You hit the ogre.
The ogre is almost dead.
The ogre barely misses you.
You hit the ogre.
The ogre is almost dead.
You hit the ogre.
The ogre is almost dead.
The ogre hits you with a +0 giant spiked club!
You die...

#.# #.#####.####...#.#
##.## #.# #.# ##.##.#
#...###.# ##.#####.##'##
........# #.......##...#
#...##### #..#...##♣.).♣##
##.#########..#.#.#.......#
##............#.#.#.<.♣.<.#
.............##.#.#.......#
###############.@.##♣.>.♣##
##O.# #...# #(...#####
....## .../. #......
#....... ##...##..


You could see an ogre.

Vanquished Creatures
  A hound (D:4)
  3 adders (D:3)
  4 gnolls (D:3)
  A worm (D:3)
  2 dart slugs (D:3)
  4 orcs
  8 ball pythons
  6 endoplasms
  3 giant cockroaches
  5 goblins
  5 hobgoblins
  3 jackals (D:3)
  10 kobolds
  4 quokkas
  7 bats
  2 frilled lizards (D:3)
  6 rats
74 creatures vanquished.

Notes
Turn   | Place    | Note
-------+----------+-------------------------------------------
     0 | D:1      | KittyFluff the Gargoyle Berserker began the quest for the
                  | Orb.
     0 | D:1      | Reached XP level 1. HP: 14/14 MP: 1/1
   170 | D:1      | Reached XP level 2. HP: 18/19 MP: 2/2
   450 | D:1      | Reached XP level 3. HP: 23/23 MP: 3/3
   730 | D:2      | You fall into a shaft and drop 2 floors!
   749 | D:4      | Reached XP level 4. HP: 27/29 MP: 4/4
   849 | D:4      | Reached ** piety under Trog
  1508 | D:3      | Reached XP level 5. HP: 32/33 MP: 5/5
  1916 | D:3      | Reached *** piety under Trog
  2167 | D:4      | Noticed an ogre
  2178 | D:4      | Slain by an ogre

Illustrated notes

Levels and vault maps discovered:
D:1:      dpeg_arrival_long_road, layout_basic
D:2:      layout_loops_ring, kennysheep_decorative_pillar
D:3:      minmay_razor_zed, layout_basic, chequers_arboretum, minmay_ruptured
D:4:      layout_loops_ring, grunt_ministairs_7

Skill      XL: |  1  2  3  4  5 |
---------------+----------------+-----
Armour         | 3 |  3.8
Dodging        | 2 |  2.4
Fighting       | 4 |  4.1
Maces & Flails | 4 |  4.2

Action                     |  1- 3 |  4- 6 || total
---------------------------+-------+-------++-------
  Melee: Mace              |    78 |   168 ||   246
         Punch             |     1 |     1 ||     2
  Throw: Dart              |       |     1 ||     1
 Armour: Animal skin       |    44 |     9 ||    53
         Robe              |       |    71 ||    71
  Dodge: Dodged            |    59 |   131 ||   190
